 Dungeon Crawl Stone Soup version 0.20.1-1-g8b1a95d (webtiles) character file.

58 gobwax the Slasher (level 4, -9/34 HPs)
             Began as a Barachi Skald on July 10, 2017.
             Mangled by Exporg's ghost (16 damage)
             ... on level 3 of the Dungeon.
             The game lasted 00:04:13 (1652 turns).

gobwax the Slasher (Barachi Skald)                  Turns: 1652, Time: 00:04:14

Health: -9/34      AC:  5    Str: 13    XL:     4   Next: 2%
Magic:  7/7        EV: 12    Int: 13    God:
Gold:   93         SH:  0    Dex: 12    Spells: 6/7 levels left

rFire    . . .     SeeInvis .   a - +0 falchion
rCold    + . .     Gourm    .   (no shield)
rNeg     . . .     Faith    .   b - +0 leather armour
rPois    .         Spirit   .   (no helmet)
rElec    .         Reflect  .   l - +0 cloak
rCorr    .         Harm     .   (no gloves)
MR       .....                  (no boots)
Stlth    +.........             (no amulet)
Regen    0.2/turn               k - +1 ring of protection
MPRegen  0.1/turn               h - ring of protection from cold

@: can't hop, slow
A: +LOS, swims, slowness 1, strong legs 1
a: Hop


You were on level 3 of the Dungeon.
You were not hungry.

You visited 1 branch of the dungeon, and saw 3 of its levels.

You collected 93 gold pieces.

Inventory:

Hand Weapons
 a - a +0 falchion (weapon)
 p - a +0 lajatang
Missiles
 n - 5 needles of paralysis
Armour
 b - a +0 leather armour (worn)
 l - a +0 cloak (worn)
Jewellery
 h - a ring of protection from cold (right hand)
 k - a +1 ring of protection (left hand)
Wands
 m - a wand of lightning (14/15)
Scrolls
 e - 4 scrolls of identify {unknown}
 j - a scroll of teleportation
Potions
 f - a potion of might {unknown}
 g - 2 potions of curing {unknown}
 i - a potion of heal wounds {unknown}
Books
 c - a book of Battle

   Spells                             Type                      Level
   a - Infusion                       Charms                       1
   b - Shroud of Golubria             Charms/Translocation         2
   c - Song of Slaying                Charms                       2
   d - Spectral Weapon                Hexes/Charms                 3
   e - Regeneration                   Charms/Necromancy            3
Comestibles
 d - 4 bread rations


   Skills:
 - Level 2.4 Fighting
 * Level 5.0 Long Blades
 - Level 1.2 Armour
 - Level 2.1 Dodging
 - Level 2.1 Spellcasting
 - Level 3.2 Charms


You had 6 spell levels left.
You knew the following spells:

 Your Spells              Type           Power        Failure   Level  Hunger
a - Infusion              Chrm           #...         9%          1    ##.....


Dungeon Overview and Level Annotations

Branches:
Dungeon (3/15)

Altars:

Annotations:
D:3 Exporg's ghost, amateur MiFi


Innate Abilities, Weirdness & Mutations

Shadows flee at your approach. (+LOS)
You can swim through water.
You cover ground slowly.
You can hop short distances.


Message History

Press: ? - help, Dir - move target cursor Boing!
Exporg's ghost says, "You can hit me, but you can't hurt me."
Exporg's ghost screams, "They lied to you.
The Dungeon just goes down and down forever."
Exporg's ghost hits you.
* * * LOW HITPOINT WARNING * * *
Exporg's ghost barely misses you.
Found a leather armour.
Found a stone staircase leading down.
Exporg's ghost misses you.
Exporg's ghost says, "Very impressive.
But it won't help.
Nothing will."
Exporg's ghost barely misses you.
You open the door.
Exporg's ghost hits you but does no damage.
Found a scroll of recharging.
There is an open door here.
Exporg's ghost completely misses you.
Exporg's ghost wails.
Exporg's ghost hits you!
You die...

#.#....#.......%.†..
#.#.........≈.≈≈≈P≈≈
#.#.#......♣P.≈P≈P≈≈
##.#.......♣♣P.P≈≈≈♣♣
......#.##.♣♣≈≈.≈≈≈♣♣
###...#.##.≈♣P≈.≈≈)♣ ≈
#...#.###♣♣≈≈.≈≈≈♣≈#
#..>+...[.≈P≈.≈≈≈≈..
#######..@#.####≈♣≈.≈≈♣###
.........W..## #♣♣≈.)≈P..#
#.############.....# ♣≈.≈P♣..#
#..................+..≈♣P.≈≈≈≈.+
####....#####.....##≈≈≈≈$≈P≈≈?#
#?...#####.....##≈≈≈≈.≈≈≈≈.#
+....'...........≈≈≈≈.P≈≈♣##
#....#####.[...##♣≈≈P.≈≈≈♣
#....# ####### ♣≈PP.≈≈♣#


You could see Exporg's ghost.

Vanquished Creatures
  2 worms (D:2)
  2 dart slugs
  2 leopard geckos
  An orc (D:3)
  5 bats
  2 giant cockroaches
  10 goblins
  6 hobgoblins
  2 kobolds
  7 frilled lizards
  5 rats
44 creatures vanquished.

Notes
Turn   | Place    | Note
-------+----------+-------------------------------------------
     0 | D:1      | gobwax the Barachi Skald began the quest for the Orb.
     0 | D:1      | Reached XP level 1. HP: 17/17 MP: 3/3
    53 | D:1      | Reached skill level 3 in Long Blades
    60 | D:1      | Reached XP level 2. HP: 15/23 MP: 5/5
   726 | D:1      | Reached skill level 4 in Long Blades
   792 | D:1      | You fall through a shaft!
   795 | D:2      | Reached XP level 3. HP: 26/28 MP: 6/6
  1590 | D:3      | Reached skill level 5 in Long Blades
  1604 | D:3      | Reached XP level 4. HP: 34/34 MP: 7/7
  1605 | D:3      | Noticed Exporg's ghost (amateur MiFi)
  1652 | D:3      | Mangled by Exporg's ghost

Skill      XL: |  1  2  3 |
---------------+----------+-----
Long Blades    | 3 4 5 |  5.0
Fighting       | |  2.4
Armour         | |  1.2
Dodging        | |  2.1
Spellcasting   | |  2.1
Charms         | |  3.2

Action                   |  1- 3 |  4- 6 || total
-------------------------+-------+-------++-------
Melee: Falchion          |   130 |     2 ||   132
       Lajatang          |    12 |       ||    12
 Abil: Hop               |       |     1 ||     1
  Use: Scroll            |     4 |       ||     4
  Eat: Chunk             |     3 |       ||     3
Armor: Leather armour    |    41 |     1 ||    42
Dodge: Dodged            |    88 |     6 ||    94
       Rpst.: Falchion   |    28 |       ||    28
